 Dungeon Crawl Stone Soup version 0.23-a0-54-gae6112e33f (webtiles) character file.

194 Kholdaimon the Skirmisher (level 5, 0/48 HPs)
             Began as a Minotaur Berserker on Aug 8, 2018.
             Was a Priest of Trog.
             Slain by Pikel
             ... wielding a +0 whip of freezing
              (7 damage)
             ... on level 4 of the Dungeon.
             The game lasted 00:13:55 (2384 turns).

Kholdaimon the Skirmisher (Minotaur Berserker)      Turns: 2384, Time: 00:13:55

Health: 0/48       AC: 10    Str: 22    XL:     5   Next: 44%
Magic:  4/4        EV:  8    Int:  4    God:    Trog [***...]
Gold:   211        SH:  7    Dex: 10    Spells: 4/4 levels left

rFire    . . .     SeeInvis .   b - +0 war axe
rCold    . . .     Gourm    .   z - +0 shield (curse)
rNeg     . . .     Faith    .   w - +0 scale mail
rPois    .         Spirit   .   (helmet restricted)
rElec    .         Reflect  .   (no cloak)
rCorr    .         Harm     .   f - +2 pair of gloves
MR       .....                  (no boots)
Stlth    ..........             (no amulet)
HPRegen  0.16/turn              (no ring)
MPRegen  0.09/turn              (no ring)

@: no status effects
A: retaliatory headbutt, horns 2
a: Berserk, Trog's Hand, Renounce Religion


You were on level 4 of the Dungeon.
You worshipped Trog.
Trog was most pleased with you.
You were not hungry.

You visited 1 branch of the dungeon, and saw 4 of its levels.

You collected 211 gold pieces.

Inventory:

Hand Weapons
 b - a +0 war axe (weapon)
Missiles
 j - 111 stones
 r - 40 poisoned needles
 t - a throwing net
 u - 67 sling bullets
 y - a javelin (quivered)
Armour
 f - a +2 pair of gloves (worn)
 w - a +0 scale mail (worn)
 z - a cursed +0 shield (worn)
Jewellery
 i - an uncursed ring of ice {unknown}
 m - a cursed amulet of inaccuracy {unknown}
Wands
 a - a wand of clouds (4)
Scrolls
 h - 2 scrolls of enchant armour {unknown}
 k - a scroll of random uselessness {unknown}
 o - 4 scrolls of identify {unknown}
 p - a scroll of amnesia {unknown}
 q - 4 scrolls of immolation {unknown}
 v - a scroll of blinking {unknown}
 x - a scroll of teleportation {unknown}
Potions
 d - 2 potions of degeneration {unknown}
 e - a potion of agility {unknown}
 l - a potion of ambrosia {unknown}
 n - a potion of curing {unknown}
 s - a potion of brilliance {unknown}
 A - a potion of magic {unknown}
 B - a potion of resistance {unknown}
Comestibles
 c - 7 rations


   Skills:
 + Level 5.0 Fighting
 + Level 5.0 Axes
 + Level 4.3 Armour
 - Level 3.0 Dodging


You had 4 spell levels left.
You didn't know any spells.
Your spell library was empty.

Dungeon Overview and Level Annotations

Branches:
Dungeon (4/15)
 Temple: D:4-7

Altars:
Sif Muna

Annotations:
D:4 Pikel


Innate Abilities, Weirdness & Mutations

You reflexively headbutt those who attack you in melee.
You have a pair of horns on your head.


Message History

Pikel freezes you.
* * * LOW HITPOINT WARNING * * *
You closely miss Pikel. Your headbutt misses Pikel.
Pikel is moderately wounded.
A hound comes into view.
Pikel closely misses you.
You hit Pikel but do no damage.
Pikel is moderately wounded.
Pikel hits you with a whip of freezing.
* * * LOW HITPOINT WARNING * * *
Pikel freezes you.
* * * LOW HITPOINT WARNING * * *
The hound bites you.
* * * LOW HITPOINT WARNING * * *
Your shield and scale mail prevent you from hitting Pikel.
Your headbutt misses Pikel.
Pikel is moderately wounded.
You miss the hound. You block the hound's attack.
Pikel hits you with a whip of freezing!
You die...

.p .p. ####...
########......
#.....##%....!#
###....@##......#
#......hK..##...#
#.....[.[.......#
#..........####.
#.............#+##
#...........#....#
#...........#....#
#......#...<#....##
######.#...##.....+


You could see Pikel and a hound.

Vanquished Creatures
  4 slaves (D:4)
  An orc wizard (D:3)
  A hound skeleton (D:3)
  4 adders
  An ooze (D:1)
  A worm (D:3)
  3 dart slugs
  5 leopard geckos
  9 orcs (D:3)
  4 giant cockroaches
  6 goblins
  3 hobgoblins
  6 jackals
  16 kobolds
  2 quokkas
  2 ball pythons (D:1)
  11 bats
  5 frilled lizards
  A quokka skeleton (D:2)
  9 rats
94 creatures vanquished.

Notes
Turn   | Place    | Note
-------+----------+-------------------------------------------
     0 | D:1      | Kholdaimon the Minotaur Berserker began the quest for the Orb.
     0 | D:1      | Reached XP level 1. HP: 19/19 MP: 0/0
    81 | D:1      | Reached XP level 2. HP: 27/27 MP: 1/1
   244 | D:1      | Reached XP level 3. HP: 33/33 MP: 2/2
   823 | D:2      | Reached ** piety under Trog
   956 | D:2      | Reached XP level 4. HP: 23/41 MP: 3/3
  1841 | D:3      | Reached XP level 5. HP: 47/47 MP: 4/4
  2065 | D:3      | Reached *** piety under Trog
  2111 | D:3      | Reached skill level 5 in Fighting
  2125 | D:3      | Reached skill level 5 in Axes
  2271 | D:3      | Found a deep blue altar of Sif Muna.
  2342 | D:4      | Noticed a slave
  2354 | D:4      | Killed a slave
  2358 | D:4      | Noticed a slave
  2358 | D:4      | Noticed a slave
  2372 | D:4      | Killed a slave
  2374 | D:4      | Noticed a slave
  2377 | D:4      | Killed a slave
  2378 | D:4      | Noticed Pikel
  2379 | D:4      | Killed a slave
  2384 | D:4      | Slain by Pikel

Vault maps used:
D:1:      denvon_arrival_planthouse, minmay_hexomino_u4
D:2:      serial_bayou_lagoon_a
D:3:      lemuel_blue_sif_altar
D:4:      marbit_many_paths, first_ration, uniq_pikel, uniq_blork_the_orc,
          uniq_ijyb

Skill      XL: |  1  2  3  4  5 |
---------------+----------------+-----
Fighting       | 4 5 |  5.0
Axes           | 4 5 |  5.0
Armour         | 3 4 |  4.3
Dodging        | 3 |  3.0

Action                   |  1- 3 |  4- 6 || total
-------------------------+-------+-------++-------
Melee: Hand axe          |    78 |    33 ||   111
       Headbutt          |     7 |    17 ||    24
       War axe           |       |    97 ||    97
Throw: Stone             |    49 |     5 ||    54
       Javelin           |     9 |     4 ||    13
  Eat: Chunk             |       |     5 ||     5
Armor: Animal skin       |    26 |     8 ||    34
       Scale mail        |       |    48 ||    48
Dodge: Dodged            |    50 |    71 ||   121
Block: Shield            |       |     9 ||     9

Table legend:
 A = Spawn XP
 B = Non-spawn XP
 C = Spawn XP percentage of total XP
 D = Spawn monster count
 E = Non-spawn monster count
 F = Spawn count percentage of total count
 G = Total turns spent on level
                    A         B        C        D         E        F      G
               +---------+---------+-------+---------+---------+-------+---------
         Total |       0 |     278 |   0.0 |       0 |      90 |   0.0 |  2384
               +---------+---------+-------+---------+---------+-------+---------
           D:1 |       0 |      66 |   0.0 |       0 |      34 |   0.0 |   841
           D:2 |       0 |      72 |   0.0 |       0 |      28 |   0.0 |   763
           D:3 |       0 |     140 |   0.0 |       0 |      28 |   0.0 |   702
               +---------+---------+-------+---------+---------+-------+---------
